 Dungeon Crawl Stone Soup version 0.23.2-11-gf996548c65 (webtiles) character file.

Game seed: 14358706901480126920

9983 VAZYLA the Covert (level 11, -2/84 HPs)
             Began as a Vampire Assassin on June 4, 2019.
             Was a Follower of Uskayaw.
             Slain by a cyclops (28 damage)
             ... on level 11 of the Dungeon.
             The game lasted 00:38:48 (14612 turns).

VAZYLA the Covert (Vampire Assassin)               Turns: 14612, Time: 00:38:49

Health: -2/84      AC:  5    Str: 15    XL:     11   Next: 30%
Magic:  0/14       EV: 16    Int: 16    God:    Uskayaw [*.....]
Gold:   338        SH:  0    Dex: 19    Spells: 6/10 levels left

rFire    . . .     SeeInvis +   H - +7 dagger of the Shallot {flame, MR++ Stlth+}
rCold    + . .     Gourm    .   (no shield)
rNeg     + + .     Faith    +   g - +0 ring mail
rPois    +         Spirit   +   (helmet restricted)
rElec    .         Reflect  .   B - scarf {Spirit}
rCorr    .         Harm     .   (no gloves)
MR       +++..                  (no boots)
Stlth    +++++++...             j - amulet of faith
HPRegen  0.12/turn              k - +3 ring of strength
MPRegen  0.14/turn              N - +4 ring of dexterity

@: about to teleport, regenerating slowly
A: antennae 1, fangs 3, see invisible, sense surroundings 1, unbreathing
a: Bat Form, Stomp, Renounce Religion


You were on level 11 of the Dungeon.
You worshipped Uskayaw.
Uskayaw was noncommittal.
You were very thirsty.

You visited 2 branches of the dungeon, and saw 12 of its levels.

You collected 533 gold pieces.
You spent 195 gold pieces at shops.

Inventory:

Hand Weapons
 b - a +1 blowgun
 h - a +0 spear of venom
 E - a +2 dagger of speed
 H - the +7 dagger of the Shallot (weapon) {flame, MR++ Stlth+}
   (You found it on level 4 of the Dungeon)

   It has been specially enchanted to burn those struck by it, causing extra
   injury to most foes and up to half again as much damage against particularly
   susceptible opponents.
   It affects your resistance to hostile enchantments.
   It makes you more stealthy.
Missiles
 e - 50 poisoned needles
 F - 2 curare-tipped needles
Armour
 c - a +0 robe
 d - a +0 cloak
 g - a +0 ring mail (worn)
 p - a +2 helmet
 u - a +2 cloak
 B - a scarf of spirit shield (worn)
Jewellery
 j - an amulet of faith (around neck)
 k - a +3 ring of strength (left hand)
 G - an uncursed ring of fire
 K - an uncursed ring of protection from magic
 N - a +4 ring of dexterity (right hand)
Wands
 a - a wand of acid (10)
 A - a wand of random effects (7)
 M - a wand of polymorph (5)
 Q - a wand of iceblast (7)
 R - a wand of paralysis (10)
Scrolls
 f - a scroll of holy word {unknown}
 i - 4 scrolls of identify
 o - a scroll of enchant armour {unknown}
 r - a scroll of enchant weapon
 v - a scroll of random uselessness
 x - 3 scrolls of teleportation
 y - a scroll of fog
 C - 5 scrolls of remove curse
 D - 3 scrolls of amnesia {unknown}
 I - 2 scrolls of blinking
 O - a scroll of magic mapping
Potions
 l - 3 potions of berserk rage
 m - a potion of curing
 n - 2 potions of degeneration
 q - 13 potions of blood
 s - 3 potions of haste
 t - a potion of ambrosia
 w - 4 potions of lignification
 z - a potion of mutation
 J - a potion of resistance
 L - 2 potions of heal wounds
 P - a potion of magic {unknown}
 S - a potion of brilliance {unknown}
 T - a potion of agility


   Skills:
 + Level 7.3 Fighting
 + Level 8.6 Short Blades
 + Level 6.6 Throwing
 - Level 7.5 Dodging
 + Level 12.7 Stealth
 + Level 4.5 Hexes
 + Level 4.6 Invocations


You had 6 spell levels left.
You knew the following spells:

 Your Spells              Type           Power        Failure   Level  Hunger
a - Confusing Touch       Hex            ##....       8%          1    ##.....
b - Confuse               Hex            ##......     24%         3    ####...

Your spell library contained the following spells:

 Spells                   Type           Power        Failure   Level  Hunger
 Beastly Appendage        Tmut           #.....       45%         1    ##.....
 Sting                    Conj/Pois      #...         45%         1    ##.....
 Poisonous Vapours        Pois/Air       #.....       58%         2    ###....
 Sticks to Snakes         Tmut           #.......     58%         2    ###....
 Gell's Gravitas          Tloc           #.........   83%         3    ####...
 Mephitic Cloud           Conj/Pois/Air  #.......     83%         3    ####...
 Spider Form              Tmut/Pois      #.........   83%         3    ####...
 Ice Form                 Ice/Tmut       #.......     99%         4    #####..
 Olgreb's Toxic Radiance  Pois           #.......     99%         4    #####..
 Petrify                  Tmut/Erth      #.......     99%         4    #####..
 Metabolic Englaciation   Hex/Ice        #.........   99%         5    ######.
 Yara's Violent Unravell  Hex/Tmut       #.........   99%         5    ######.
 Blade Hands              Tmut           #.........   100%        5    ######.
 Venom Bolt               Conj/Pois      #.........   100%        5    ######.


Dungeon Overview and Level Annotations

Branches:
Dungeon (11/15)            Temple (1/1) D:7
   Lair: D:8-11         Orc: D:9-12

Altars:
Cheibriados
Elyvilon
Gozag
Makhleb
Nemelex Xobeh
Okawaru
Qazlal
Uskayaw
Vehumet

Shops:
D:4 !((:   D:10 *%}

Annotations:
D:3 Grinder
D:5 2 transporters, Shufflesack's ghost, amateur DEWz
D:10 Josephine


Innate Abilities, Weirdness & Mutations

You heal slowly.
You have razor-sharp teeth.
You have supernaturally acute eyesight. (SInv)
You can survive without breathing.
You have a pair of small antennae on your head.
You passively map a small area around you.


Message History

You kill the ogre!
You can now pass through a line of other dancers.
A cyclops is nearby!
Found the +6 Majin-Bo {vamp, Archmagi MP+6 Int+6}.
You can no longer pass through a line of other dancers.
A troll and an unseen horror come into view.
The cyclops shouts!
The troll shouts!
The cyclops throws a large rock.
The large rock hits you!!
You see here a large rock.
Press: ? - help, v - describe, . - travel
Here: an unseen horror (slightly transparent)
The floor.
The cyclops closely misses you. The unseen horror hits you.
The cyclops hits you!!
As you read the scroll of teleportation, it crumbles to dust.
You feel strangely unstable. The unseen horror hits you!
The unseen horror misses you.
A meliai comes into view.
The cyclops hits you!!
You die...

...... * ,, * ,, , .. ....
.... .# { { #..# , .).# ,
.#######..#######.⌠.### ..#
.#..#).#..#.$#..#.:.#T.* .#..#
* ....#........#....y... ,....
...###......###....!..###...
........###.....x## ...?..#
.).......#.....(@.#,,..... *
.#....#..#).#..#.C# #).#
.##...#######..#######..# ##*
.###..#..#{.#..#..#?.#..#.$#,
.# #.....#........#......O.#
.# #....###......###......## ,
.# ##.......###.......###.....
.#####.......#.........#,.....
* ..........#..#..#...#.†#
#...


You could see a cyclops, an unseen horror (invisible) and a meliai.

Vanquished Creatures
  A two-headed ogre (D:8)
  Nergalle (D:10)
  Maurice (D:8)
  Psyche (D:9)
  A hornet (D:8)
  Prince Ribbit (D:6)
  2 hippogriffs (D:10)
  2 wyverns (D:7)
  2 wraiths
  5 yaks (D:7)
  A hungry ghost (D:10)
  Menkaure (D:6)
  A soldier ant (D:8)
  3 water moccasins
  An orc warrior (D:9)
  3 sky beasts
  An ice beast (D:10)
  2 black bears
  A hornet zombie (D:8)
  3 ogres
  3 phantoms
  2 necrophages (D:10)
  6 centaurs
  A crocodile (D:7)
  7 bullfrogs
  4 scorpions
  9 killer bees
  5 wights (D:11)
  A bullfrog zombie (D:7)
  2 howler monkeys
  3 crimson imps
  A quasit (D:10)
  2 hounds
  4 jellies
  3 centaur skeletons
  4 orc priests
  A gnoll shaman (D:6)
  5 orc wizards
  2 iguanas
  Jessica (D:3)
  A bullfrog skeleton (D:7)
  17 worker ants
  A killer bee zombie (D:7)
  3 hound skeletons
  Robin (D:3)
  4 gnolls (D:6)
  13 adders
  2 howler monkey skeletons
  A shadow imp (D:9)
  4 oozes
  2 adder zombies
  3 worms (D:2)
  3 dart slugs
  6 leopard geckos
  24 orcs
  9 giant cockroaches
  12 goblins
  6 hobgoblins
  13 jackals
  8 quokkas
  A ball python (D:2)
  6 bats
  5 frilled lizards
  A jackal skeleton (D:4)
  11 kobolds
  2 leopard gecko skeletons (D:4)
  2 quokka skeletons
  A quokka zombie (D:5)
  5 rats
267 creatures vanquished.

Vanquished Creatures (others)
  An adder (D:10)
1 creature vanquished.

Grand Total: 268 creatures vanquished

Notes
Turn   | Place    | Note
-------+----------+-------------------------------------------
     0 | D:1      | VAZYLA the Vampire Assassin began the quest for the Orb.
     0 | D:1      | Reached XP level 1. HP: 16/16 MP: 1/1
    38 | D:1      | Reached skill level 6 in Stealth
    43 | D:1      | Reached XP level 2. HP: 19/22 MP: 2/2
   570 | D:1      | Reached XP level 3. HP: 27/27 MP: 3/3
  2199 | D:2      | Reached XP level 4. HP: 33/33 MP: 4/4
  2471 | D:3      | Noticed Robin
  2895 | D:3      | Noticed Jessica
  2902 | D:3      | Killed Jessica
  2902 | D:3      | Reached XP level 5. HP: 39/39 MP: 5/5
  3000 | D:3      | Killed Robin
  3035 | D:3      | Noticed Grinder
  3073 | D:3      | Paralysed by Grinder for 7 turns
  3090 | D:3      | Paralysed by Grinder for 6 turns
  3602 | D:4      | Reached skill level 7 in Stealth
  4106 | D:3      | Paralysed by Grinder for 4 turns
  4127 | D:4      | Found Xeliyck's Weapon Shoppe.
  4141 | D:4      | Found Bouceg's Book Shoppe.
  4141 | D:4      | Found Hiryurol's Distillery.
  4145 | D:4      | Found Gog Moqi's Weapon Shoppe.
  4353 | D:4      | Noticed an ogre
  4358 | D:4      | Killed an ogre
  4358 | D:4      | Reached XP level 6. HP: 47/47 MP: 6/6
  5183 | D:4      | Got an ichor-stained dagger
  5184 | D:4      | Identified the +7 dagger of the Shallot {flame, MR++
                  | Stlth+} (You found it on level 4 of the Dungeon)
  5211 | D:4      | Found a faded altar of an unknown god.
  5211 | D:4      | Found a faded altar of an unknown god.
  5216 | D:4      | Found an iron altar of Okawaru.
  5218 | D:4      | Found an opulent altar of Gozag.
  5219 | D:4      | Found a white marble altar of Elyvilon.
  5276 | D:4      | Reached XP level 7. HP: 52/52 MP: 7/7
  5347 | D:5      | Entered Level 5 of the Dungeon
  5603 | D:5      | Gained mutation: You have a pair of small antennae on your
                  | head. [potion of mutation]
  5603 | D:5      | Gained mutation: You passively map a small area around you.
                  | [potion of mutation]
  5605 | D:5      | Found a transporter.
  5682 | D:5      | Reached skill level 8 in Stealth
  6508 | D:5      | Found a transporter.
  6519 | D:5      | Noticed Shufflesack's ghost (amateur DEWz)
  6575 | D:6      | Noticed Prince Ribbit
  6589 | D:6      | Noticed a green ugly thing
  6985 | D:6      | Reached skill level 5 in Short Blades
  6985 | D:6      | Reached XP level 8. HP: 55/60 MP: 8/8
  7224 | D:6      | Found a stormy altar of Qazlal.
  7260 | D:6      | Killed Prince Ribbit
  7260 | D:6      | Reached skill level 9 in Stealth
  7308 | D:6      | Reached skill level 5 in Dodging
  7903 | D:6      | Noticed Menkaure
  7906 | D:6      | Killed Menkaure
  8394 | D:6      | Found a burning altar of Makhleb.
  8514 | D:7      | Reached skill level 5 in Fighting
  8557 | D:7      | Reached skill level 10 in Stealth
  8557 | D:7      | Reached XP level 9. HP: 53/68 MP: 6/9
  9297 | D:7      | Found a staircase to the Ecumenical Temple.
  9312 | Temple   | Entered the Ecumenical Temple
  9332 | Temple   | Became a worshipper of Uskayaw the Reveler
  9362 | D:7      | Reached * piety under Uskayaw
  9363 | D:7      | Reached ** piety under Uskayaw
  9370 | D:7      | Reached *** piety under Uskayaw
  9377 | D:7      | Reached **** piety under Uskayaw
  9383 | D:7      | Reached ***** piety under Uskayaw
  9387 | D:7      | Reached skill level 5 in Throwing
  9387 | D:7      | Reached skill level 1 in Invocations
  9860 | D:7      | Reached ****** piety under Uskayaw
 10055 | D:7      | Found a stormy altar of Qazlal.
 10217 | D:8      | Noticed a two-headed ogre
 10239 | D:8      | Noticed Maurice
 10245 | D:8      | Killed a two-headed ogre
 10245 | D:8      | Reached skill level 11 in Stealth
 10245 | D:8      | Reached XP level 10. HP: 76/76 MP: 11/11
 10253 | D:8      | Killed Maurice
 12590 | D:9      | Learned a level 1 spell: Confusing Touch
 12594 | D:9      | Learned a level 3 spell: Confuse
 12658 | D:9      | Noticed Psyche
 12671 | D:9      | Killed Psyche
 12671 | D:9      | Reached skill level 1 in Hexes
 12759 | D:9      | Reached skill level 12 in Stealth
 12864 | D:10     | Entered Level 10 of the Dungeon
 12864 | D:10     | Found Etexu's Gadget Boutique.
 12871 | D:10     | Bought a wand of iceblast (9) for 156 gold pieces
 12911 | D:10     | Noticed Josephine
 13529 | D:10     | Found Woal's Food Shop.
 13591 | D:10     | Reached XP level 11. HP: 78/84 MP: 12/14
 13645 | D:10     | Found Raruseu's General Store.
 13653 | D:10     | Bought a scroll of teleportation for 39 gold pieces
 14043 | D:10     | Noticed Nergalle
 14064 | D:10     | Killed Nergalle
 14359 | D:11     | Noticed a two-headed ogre
 14604 | D:11     | Found the +6 Majin-Bo {vamp, Archmagi MP+6 Int+6}
 14608 | D:11     | Noticed an unseen horror
 14612 | D:11     | Slain by a cyclops

Skill      XL: |  1  2  3  4  5  6  7  8  9 10 11 |
---------------+----------------------------------+-----
Stealth        | 6 7 8 10 11 12 | 12.7
Fighting       | 2 3 4 5 6 7 |  7.3
Throwing       | 2 3 4 5 6 |  6.6
Dodging        | 2 3 4 5 6 7 |  7.5
Short Blades   | 3 4 5 6 7 8 |  8.6
Invocations    | 2 4 |  4.6
Hexes          | 3 4 |  4.5

Action                   |  1- 3 |  4- 6 |  7- 9 | 10-12 || total
-------------------------+-------+-------+-------+-------++-------
Melee: Dagger            |   101 |   361 |   244 |   312 ||  1018
       Bite              |    11 |    38 |    20 |    41 ||   110
       Unarmed           |       |     2 |       |       ||     2
 Fire: Blowgun           |       |     9 |    11 |     4 ||    24
 Abil: End Transformatio |     1 |     5 |     2 |     3 ||    11
       Bat Form          |     1 |     5 |     2 |     3 ||    11
Evoke: Wand              |       |       |       |     2 ||     2
  Use: Potion            |     2 |     7 |    14 |     9 ||    32
       Scroll            |       |       |    12 |     3 ||    15
 Stab: Sleeping          |    12 |    11 |    20 |    33 ||    76
       Distracted        |       |     1 |       |     3 ||     4
       Paralysed         |       |       |     3 |    10 ||    13
Armor: Ring mail         |    22 |   143 |    25 |    29 ||   219
Dodge: Dodged            |    45 |   202 |   109 |   138 ||   494
